 Dungeon Crawl Stone Soup version 0.30-a0-422-g946f4849ff (webtiles) character file.

Game seed: 12838068810699885791

27 pokeman the Magician (level 2, 0/16 HPs)
             Began as a Deep Elf Hedge Wizard on Dec 9, 2022.
             Slain by a bat (1 damage)
             ... on level 3 of the Dungeon.
             The game lasted 00:01:51 (1527 turns).

pokeman the Magician (Deep Elf Hedge Wizard)        Turns: 1527, Time: 00:01:51

Health: 0/16       AC: -1    Str:  7    XL:     2   Next: 93%
Magic:  8/10       EV: 12    Int: 18    God:
Gold:   128        SH:  0    Dex: 14    Spells: 10/11 levels left

rFire   . . .      SeeInvis .    g - +3 short sword (drain)
rCold   . . .      Faith    .    (no shield)
rNeg    . . .      Spirit   .    b - +0 robe
rPois   .          Reflect  .    c - +0 hat
rElec   .          Harm     .    (no cloak)
rCorr   .          Rampage  .    (no gloves)
Will    .....                    (no boots)
Stlth   ++........               (no amulet)
HPRegen 0.22/turn                (no ring)
MPRegen 0.12/turn                (no ring)

@: corroded
A: no striking features
a: no special abilities


You were on level 3 of the Dungeon.
You visited 1 branch of the dungeon, and saw 3 of its levels.

You collected 128 gold pieces.

Inventory:

Hand Weapons
 a - a +0 dagger
 g - a +3 short sword of draining (weapon)
Armour
 b - a +0 robe (worn)
 c - a +0 hat (worn)
Scrolls
 e - a scroll of teleportation {unknown}
 h - a scroll of blinking {unknown}
 i - 2 scrolls of identify {unknown}
 j - a scroll of amnesia {unknown}
 m - 3 scrolls of brand weapon {unknown}
 o - a scroll of enchant armour {unknown}
Potions
 d - a potion of magic
 f - 2 potions of degeneration {unknown}
 k - a potion of haste {unknown}
 l - 3 potions of curing {unknown}
 n - a potion of resistance {unknown}


   Skills:
 + Level 0.6 Fighting
 + Level 0.7 Armour
 - Level 2.4 Dodging
 - Level 2.4 Stealth
 * Level 5.0 Spellcasting
 + Level 1.6 Conjurations
 - Level 1.1 Summonings
 - Level 1.1 Translocations


You had 10 spell levels left.
You knew the following spells:

 Your Spells              Type           Power      Damage    Failure   Level
a - Magic Dart            Conj           40%        1d5       7%          1

Your spell library contained the following spells:

 Spells                   Type           Power      Damage    Failure   Level
 Slow                     Hex            16%        N/A       13%         1
 Blink                    Tloc           16%        N/A       13%         2
 Call Imp                 Summ           8%         N/A       13%         2
 Cigotuvi's Dreadful Rot  Necr/Pois/Air  8%         N/A       21%         2
 Mephitic Cloud           Conj/Pois/Air  6%         N/A       32%         3


Dungeon Overview and Level Annotations

Branches:
Dungeon (3/15)

Altars:
Nemelex Xobeh

Shops:
D:2 :

Annotations:
D:3 Ijyb


Message History

The magic dart hits the orc.
You kill the orc!
Casting: Magic Dart (safe; 7% risk of failure)
Confirm with . or Enter, or press ? or * to list all spells.
Aiming: Magic Dart (safe; 7% risk of failure)
Press: ? - help, Shift-Dir - straight line, f - bat
Aim: a bat (100% to hit)
The magic dart hits the bat.
The bat is moderately wounded.
The bat closely misses you.
Ijyb the Twisted Goblin comes into view.
She is wielding a +0 spectral club and carrying a wand of acid (10).
Casting: Magic Dart (safe; 7% risk of failure)
Confirm with . or Enter, or press ? or * to list all spells.
Aiming: Magic Dart (safe; 7% risk of failure)
Press: ? - help, Shift-Dir - straight line, f/p - bat
Aim: a bat (moderately wounded, 100% to hit)
The magic dart hits the bat.
The bat is severely wounded.
Ijyb shouts!
The bat hits you but does no damage. The bat hits you but does no damage.
The bat attacks as you move away! The bat barely misses you. The bat hits you.
The bat misses you. The bat completely misses you. The bat barely misses you.
The bat hits you but does no damage. The bat closely misses you.
Ijyb screams, "Die!"
The bat barely misses you. x2
The bat attacks as you move away! The bat hits you. The bat barely misses you.
Ijyb zaps a wand.
The bolt of acid hits you!
Ouch! That really hurt!
* * * LOW HITPOINT WARNING * * *
The acid corrodes you! The bat barely misses you.
The bat attacks as you move away! The bat hits you.
* * * LOW HITPOINT WARNING * * *
The bat hits you.
* * * LOW HITPOINT WARNING * * *
The bat hits you.
You die...

# ####..........'.#
########..........#########
...........#####'##.......#
.............[...#........+
##########.#######........#
### #.# #........# ..#
#.#######........# #.#
#.........>......# #.#
#......@.........# #.#
#.......b........+ #.#
#..>.............### #.#
#...........#+#.#..# #.#
#.............#....# # ..#
#.........g######.##.# ...
#.###................# #.
#..........##.###### #.
#..........##.#.....


You could see Ijyb and a bat.

Vanquished Creatures
  An orc (D:3)
  A bat (D:2)
  3 endoplasms
  A giant cockroach (D:2)
  4 goblins
  A hobgoblin (D:2)
  4 kobolds
  2 quokkas
  A ball python (D:2)
  2 frilled lizards
  2 rats (D:1)
22 creatures vanquished.

Notes
Turn   | Place    | Note
-------+----------+-------------------------------------------
     0 | D:1      | pokeman the Deep Elf Hedge Wizard began the quest for the
                  | Orb.
     0 | D:1      | Reached XP level 1. HP: 10/10 MP: 7/7
   440 | D:1      | Reached XP level 2. HP: 15/15 MP: 7/9
  1023 | D:2      | Found Axtoeluck's Book Emporium.
  1083 | D:2      | Found a sparkling altar of Nemelex Xobeh.
  1237 | D:2      | Reached skill level 5 in Spellcasting
  1510 | D:3      | Noticed Ijyb
  1527 | D:3      | Slain by a bat

Illustrated notes

Levels and vault maps discovered:
D:1:      tarquinn_simple_flora_water_d, layout_basic
D:2:      layout_rooms, serial_shops, nicolae_shop_window_shopping, basic_altar
D:3:      layout_basic, uniq_ijyb

Skill      XL: |  1  2 |
---------------+-------+-----
Spellcasting   | 5 |  5.0
Fighting       | |  0.6
Armour         | |  0.7
Dodging        | |  2.4
Stealth        | |  2.4
Conjurations   | |  1.6
Summonings     | |  1.1
Translocations | |  1.1

Action                   || total
-------------------------++-------
 Cast: Magic Dart        ||    51
Armor: Robe              ||     3
Dodge: Dodged            ||    13

Table legend: (Time is in decaauts)
 A = Elapsed time spent in this place.
 B = Non-inter-level travel time spent in this place.
 C = Inter-level travel time spent in this place.
 D = Time resting spent in this place.
 E = Time spent auto-exploring this place.
 F = Levels seen in this place.
 G = Mean time per level.
                   A        B        C        D        E       F      G
               +--------+--------+--------+--------+--------+-----+--------+
         Total |   1526 |   1501 |     25 |      0 |   1359 |   3 |  508.7 |
       Dungeon |   1526 |   1501 |     25 |      0 |   1359 |   3 |  508.7 |
               +--------+--------+--------+--------+--------+-----+--------+

Top non-repeatable levels by time:
     D:1: 742 daAuts
     D:2: 572 daAuts
     D:3: 210 daAuts
